 Dungeon Crawl Stone Soup version 0.29-a0-1033-gb6c65ffae6 (webtiles) character file.

Game seed: 1033455537147529665

193634 gelatine the Eclecticist (level 18, -6/123 HPs)
             Began as a Demonspawn Venom Mage on Aug 13, 2022.
             Was the Champion of Qazlal.
             Mangled by a naga mage
             ... wielding a +0 halberd
              (13 damage)
             ... on level 3 of the Snake Pit on Aug 14, 2022.
             The game lasted 03:47:07 (32146 turns).

gelatine the Eclecticist (Demonspawn Venom Mage)   Turns: 32146, Time: 03:47:08

Health: -6/123     AC: 13    Str: 11    XL:     18   Next: 7%
Magic:  0/38       EV: 14    Int: 34    God:    Qazlal [******]
Gold:   1851       SH: 16    Dex: 14    Spells: 10/49 levels left

rFire   + + .      SeeInvis .   v - +11 flail "Ogyimous" {vorpal, rPois Int+8}
rCold   + . .      Faith    .   (no shield)
rNeg    . . .      Spirit   +   K - +4 troll leather armour
rPois   +          Reflect  .   u - +2 hat
rElec   +          Harm     .   H - scarf {rC+ rF+}
rCorr   .          Rampage  +   (gloves unavailable)
Will    +....                   N - +2 pair of boots {rampage}
Stlth   +.........              g - amulet of magic regeneration
HPRegen 1.10/turn               m - ring of flight
MPRegen 0.92/turn               y - ring of Dotwicucw {Fire Str+2 Slay+3}

@: protected from electricity, producing miasma, flying, repel missiles
A: large bone plates 3, spiny 3, magic shield, magic regeneration, demonic touch
3, hooves 1, clever 1, cold resistance 1, poison resistance
a: Renounce Religion, Upheaval, Elemental Force, Disaster Area


You were on level 3 of the Snake Pit.
You worshipped Qazlal.
Qazlal was exalted by your worship.
You visited 9 branches of the dungeon, and saw 32 of its levels.
You visited 1 bazaar.
You also visited: Gauntlet and Ice Cave.

You collected 3084 gold pieces.
You spent 1233 gold pieces at shops.

Inventory:

Hand Weapons
 v - the +11 flail "Ogyimous" (weapon) {vorpal, rPois Int+8}
   (You found it on level 8 of the Dungeon)

   It inflicts extra damage upon your enemies.
   Int:       It affects your intelligence (+8).
   rPois:     It protects you from poison.
 S - the +11 quarterstaff of Ambiguity {spect, Dex+4}
   (You found it on level 11 of the Dungeon)

   When its wielder attacks, the weapon's spirit leaps out and strikes again.
   The spirit shares a part of any damage it takes with its wielder.
   Dex:       It affects your dexterity (+4).
Armour
 d - a +2 robe of resistance
 q - a +2 cloak
 u - a +2 hat (worn)
 H - a scarf of resistance (worn)
 K - a +4 troll leather armour (worn)
 L - a +0 buckler
 N - a +2 pair of boots of rampaging (worn)
Magical Staves
 c - a staff of poison
 D - a staff of air
 P - a staff of cold
 T - a staff of death
Jewellery
 a - a +6 ring of dexterity
 f - a +6 ring of intelligence
 g - an amulet of magic regeneration (around neck)
 m - a ring of flight (left hand)
 y - the ring of Dotwicucw (right hand) {Fire Str+2 Slay+3}
   (You found it on level 1 of the Shoals)

   [ring of fire]

   It enhances your fire magic.
   Str:       It affects your strength (+2).
   Slay:      It affects your accuracy & damage with ranged weapons and melee
   (+3).
   rF:        It protects you from fire.
   rC:        It makes you vulnerable to cold.
 z - a ring of resist corrosion
 J - a +4 ring of protection
 O - a ring of see invisible
 W - the ring of the Tormentor {rF+ Will- Int+4 Dex+6}
   (You took it off a minotaur in a Gauntlet)

   [ring of dexterity]

   Int:       It affects your intelligence (+4).
   Dex:       It affects your dexterity (+6).
   rF:        It protects you from fire.
   Will:      It decreases your willpower.
 Z - a ring of protection from fire
Wands
 j - a wand of paralysis (34)
 A - a wand of quicksilver (22)
 F - a wand of roots (32)
 Q - a wand of mindburst (8)
Scrolls
 e - a scroll of poison
 l - 2 scrolls of immolation
 o - a scroll of torment
 w - 4 scrolls of fear
 B - 8 scrolls of amnesia
 E - 5 scrolls of blinking
 G - a scroll of silence
 I - 5 scrolls of teleportation
 V - a scroll of magic mapping
 X - a scroll of enchant armour
Potions
 b - 3 potions of resistance
 h - 10 potions of curing
 k - 6 potions of brilliance
 n - 7 potions of attraction
 p - 3 potions of might
 s - 3 potions of ambrosia
 x - 2 potions of lignification
 C - 3 potions of invisibility
 M - 8 potions of haste
 R - 3 potions of cancellation
Miscellaneous
 r - a lightning rod (4/4)
 t - a phial of floods
 U - a tin of tremorstones (2/2)
 Y - a phantom mirror


   Skills:
 + Level 5.8 Fighting
 + Level 1.6 Short Blades
 + Level 8.7 Maces & Flails
 + Level 3.3 Armour
 + Level 6.9 Dodging
 + Level 4.1 Stealth
 + Level 6.7 Shields
 + Level 16.1 Spellcasting
 + Level 5.4 Conjurations
 + Level 1.4 Necromancy
 + Level 8.9 Transmutations
 + Level 7.2 Fire Magic
 + Level 1.0 Ice Magic
 + Level 6.9 Air Magic
 + Level 15.9 Poison Magic
 + Level 9.8 Invocations
 + Level 7.1 Evocations


You had 10 spell levels left.
You knew the following spells:

 Your Spells              Type           Power      Damage    Failure   Level
a - Sting                 Tmut/Pois      100%       1d8       0%          1
b - Poisonous Vapours     Pois/Air       100%       N/A       1%          2
c - Olgreb's Toxic Radia  Pois           94%        N/A       1%          4
d - Ignite Poison         Fire/Tmut/Pois 100%       N/A       1%          3
e - Mephitic Cloud        Conj/Pois/Air  75%        N/A       1%          3
f - Sticky Flame          Conj/Fire      82%        2d9       1%          4
g - Frozen Ramparts       Ice            68%        1d11      3%          3
h - Lightning Bolt        Conj/Air       31%        1d48      3%          5
i - Corpse Rot            Necr/Pois/Air  70%        N/A       1%          4
j - Eringya's Noxious Bo  Tmut/Pois      42%        N/A       1%          6
k - Flame Wave            Conj/Fire      82%        2d18      1%          4

Your spell library contained the following spells:

 Spells                   Type           Power      Damage    Failure   Level
 Slow                     Hex            100%       N/A       1%          1
 Conjure Flame            Conj/Fire      82%        6-21      1%          3
 Dazzling Flash           Conj/Hex       92%        N/A       1%          3
 Spider Form              Tmut/Pois      84%        N/A       1%          3
 Stone Arrow              Conj/Erth      92%        3d12      1%          3
 Airstrike                Air            32%        2d(5-21)  1%          4
 Alistair's Intoxication  Tmut/Pois      56%        N/A       1%          5
 Blade Hands              Tmut           36%        N/A       1%          5
 Call Imp                 Summ           27%        N/A       2%          2
 Ice Form                 Ice/Tmut       57%        N/A       2%          4
 Vampiric Draining        Necr           37%        2d8       3%          3
 Hailstorm                Conj/Ice       49%        3d11      4%          4
 Summon Lightning Spire   Summ/Air       50%        N/A       4%          4
 Confusing Touch          Hex            27%        N/A       5%          3
 Fulminant Prism          Conj/Hex       23%        3d13      6%          4
 Iskenderun's Mystic Bla  Conj/Tloc      46%        2d10      6%          4
 Animate Dead             Necr           37%        N/A       10%         4
 Dispel Undead            Necr           37%        3d15      10%         4
 Silence                  Hex/Air        25%        N/A       12%         5
 Summon Ice Beast         Ice/Summ       31%        N/A       14%         4
 Animate Armour           Summ/Erth      54%        N/A       19%         4
 Leda's Liquefaction      Hex/Erth       13%        N/A       19%         4
 Passage of Golubria      Tloc           27%        N/A       19%         4
 Starburst                Conj/Fire      41%        6d12      21%         6
 Statue Form              Tmut/Erth      36%        N/A       41%         6
 Lee's Rapid Deconstruct  Erth           13%        3d10*     45%         5
 Storm Form               Tmut/Air       34%        N/A       52%         7
 Iron Shot                Conj/Erth      23%        9d5       65%         6
 Death Channel            Necr           18%        N/A       83%         6
 Simulacrum               Ice/Necr       17%        N/A       86%         6
 Haunt                    Necr/Summ      16%        N/A       100%        7
 Infestation              Necr           18%        N/A       100%        8
 Lehudib's Crystal Spear  Conj/Erth      23%        10d6      100%        8
 Maxwell's Capacitive Co  Air            32%        ∞         100%        8


Dungeon Overview and Level Annotations

Branches:
Dungeon (15/15)            Temple (1/1) D:7            Lair (5/5) D:11
 Shoals (2/4) Lair:3        Snake (3/4) Lair:3        Slime (1/5) Lair:4
    Orc (2/2) D:12            Elf (1/3) Orc:2        Vaults (0/5) D:13
 Depths (2/4) D:15          IceCv (visited)         Gauntlet (visited)

Altars:
Ashenzari
Cheibriados
Dithmenos
Fedhas
Gozag
Hepliaklqana
Kikubaaqudgha
Makhleb
Nemelex Xobeh
Okawaru
Qazlal
Ru
Sif Muna
Trog
Uskayaw
Vehumet
Wu Jian
Xom
Yredelemnul
Jiyva
Lugonu

Shops:
D:1 [   D:5 (   D:6 !   D:8 (   Orc:2 [?=*   Snake:2 *

Portals:
Hell: Depths:1
Abyss: Lair:5
Pandemonium: Depths:1
Ziggurat: Depths:1
Trove: Depths:1 (give +4 shadow dragon scales)

Annotations:
Shoals:2 3 runed translucent doors, greenreed's ghost, journeyman MiMo
Snake:3 Vashnia


Innate Abilities, Weirdness & Mutations

You are completely covered in large bone plates. (SH +8)
You are completely covered in sharp spines.
When hurt, damage is shared between your health and your magic reserves.
You regenerate magic rapidly.
Your touch may irresistibly damage your foes and sap their willpower.
You have large cloven feet.
Your mind is acute. (Int +4, Str/Dex -1)
Your flesh is cold resistant. (rC+)
Your system is resistant to poisons. (rPois)


Message History

The naga sharpshooter shoots a bolt.
You block the bolt.
The naga mage gestures at the naga sharpshooter while chanting.
The naga sharpshooter seems to grow toxic.
The anaconda completely misses you. The mana viper misses you.
The guardian serpent is engulfed in freezing vapours.
The guardian serpent is struck by your spines.
You kill the guardian serpent!
Qazlal accepts your kill.
A wave of flame ripples out!
The flame wave engulfs the naga sharpshooter!!
The naga sharpshooter is almost dead.
The flame wave engulfs the mana viper!!
The mana viper is almost dead.
The flame wave engulfs the naga mage!
The naga mage is almost dead.
The flame wave engulfs the anaconda!
The anaconda is severely wounded.
You hear a sizzling sound!
The flame wave engulfs the naga sharpshooter!
The naga sharpshooter is almost dead.
You feel sick.
You are no longer poisoned.
The anaconda is struck by lightning.
The anaconda bites you!
* * * LOW HITPOINT WARNING * * *
The naga sharpshooter is engulfed in dark miasma.
The naga sharpshooter casts a spell.
The naga sharpshooter magically shoots a bolt.
You block the bolt.
The naga sharpshooter is engulfed in dark miasma.
The naga sharpshooter is poisoned.
The naga sharpshooter seems to slow down.
The naga sharpshooter shoots an arrow.
The arrow hits you!!
* * * LOW HITPOINT WARNING * * *
The mana viper is engulfed in dark miasma.
The mana viper is poisoned.
The mana viper is struck by your spines.
You kill the mana viper!
Qazlal accepts your kill.
The naga mage hits you with a +0 halberd!
You die...

.# #.# .# #.#
#..#. #
###.#.#^...
.#.###..N#......
..).............
#..[.)#.#§.....
#.NN○○.....
#§#@○.†.#.
#.#SN§.....
#.#..☼N...#
#S###.#.### #.
## # #. ##


You could see Vashnia (poisoned), 2 naga sharpshooters, a salamander, an
anaconda and a naga mage.

Vanquished Creatures
  Gastronok (Lair:3)
  A storm dragon (D:13)
  A tengu reaver (Depths:1)
  The ghost of Valamore the Devastator, an adept BaIE of Vehumet (Shoals:1)
  3 frost giants
  2 orc warlords (Orc:2)
  A reaper (Depths:1)
  5 very ugly things
  5 stone giants (Depths:1)
  A minotaur (Gauntlet)
  4 merfolk javelineers (Shoals:1)
  2 fire dragons (D:15)
  The ghost of bladeefan the Grappler, a journeyman TrMo (D:11)
  3 yaktaur captains (D:15)
  Fannar (D:11)
  6 merfolk impalers
  2 hell beasts (Depths:1)
  An ice dragon (D:15)
  Erolcha (Orc:1)
  7 boulder beetles
  8 vault guards
  A rakshasa (Depths:1)
  4 anacondas
  2 hydras
  An alligator snapping turtle (Shoals:2)
  2 merfolk aquamancers (Shoals:2)
  Erica (D:8)
  4 centaur warriors
  7 naga warriors
  3 merfolk avatars (Shoals:2)
  A two-headed ogre (shapeshifter) (Lair:5)
  6 two-headed ogres
  3 naga sharpshooters
  2 tengu warriors
  A vampire mage (Depths:1)
  4 orc high priests (Orc:2)
  A spriggan berserker (Depths:1)
  2 deep troll earth magi
  Urug (D:10)
  4 thrashing horrors (Lair:5)
  16 death yaks
  A deep elf knight (Elf:1)
  8 shock serpents
  A hell knight (D:15)
  Amaemon (D:10)
  4 iron trolls (Depths:1)
  A quicksilver dragon simulacrum (Depths:1)
  5 sea snakes
  2 naga ritualists (Snake:2)
  5 deep trolls
  A flayed ghost (Depths:1)
  A spriggan druid (Depths:2)
  A wizard (D:14)
  8 deep elf pyromancers
  7 orc knights
  4 harpies
  A harpy (shapeshifter) (D:12)
  6 deep elf zephyrmancers (Elf:1)
  4 mana vipers
  A shining eye (Lair:4)
  4 oklob plants (Lair:4)
  9 manticores
  6 orc sorcerers
  A worldbinder (Gauntlet)
  18 ugly things
  6 fauns (Shoals:2)
  3 cyclopes
  5 elephants (Lair:3)
  3 salamanders
  2 water nymphs
  3 merfolk sirens
  A smoke demon (Lair:5)
  22 black mambas
  6 naga magi
  An ice statue (IceCv)
  3 guardian serpents
  An orange demon (D:10)
  5 cane toads
  An unseen horror (shapeshifter) (D:13)
  3 yaktaurs (D:13)
  A minotaur zombie (Gauntlet)
  2 unseen horrors
  2 kobold demonologists
  3 tengu conjurers
  3 komodo dragons
  4 rime drakes
  2 ice devils (Lair:1)
  5 efreet
  An ancient zyme (Lair:5)
  6 trolls
  2 queen bees
  A queen bee (shapeshifter) (D:15)
  14 merfolk
  A meliai (D:11)
  12 polar bears
  A hornet (shapeshifter) (Elf:1)
  3 hornets
  A tyrant leech (Gauntlet)
  5 wind drakes
  26 blink frogs
  36 slime creatures
  A wind drake (shapeshifter) (Depths:1)
  2 large abominations (Lair:5)
  11 dream sheep
  4 snapping turtles
  A centaur simulacrum (D:14)
  2 spriggans
  2 air elementals (Elf:1)
  43 yaks
  3 wraiths
  11 water elementals
  2 shadows
  2 wyverns
  A ynoxinul (Lair:5)
  10 basilisks
  Grum (D:8)
  A steam dragon (D:9)
  9 small abominations (Lair:5)
  2 chaos spawn (Lair:5)
  3 swamp worms (Gauntlet)
  2 vampire mosquitoes (D:15)
  Menkaure (D:6)
  5 wargs (Orc:2)
  3 acid dragons
  12 nagas
  12 water moccasins
  Duvessa (D:6)
  3 ice beasts
  39 orc warriors
  A black bear (D:5)
  2 boggarts (Gauntlet)
  14 ogres
  53 wolves
  14 centaurs
  A phantom (D:7)
  Blork the orc (D:6)
  3 kobold brigands
  7 bullfrogs
  A gnoll sergeant (D:9)
  An earth elemental (Elf:1)
  5 scorpions
  4 wights (D:9)
  Dowan (D:6)
  16 killer bees
  2 howler monkeys
  An electric eel (Lair:2)
  4 hounds
  30 orc priests
  2 gnoll boudas
  A jelly (D:5)
  Crazy Yiuf (D:6)
  2 iguanas (D:5)
  23 orc wizards
  16 adders
  13 gnolls
  2 shadow imps
  An ufetubus (D:5)
  3 dart slugs
  98 orcs
  3 bats
  4 endoplasms
  3 giant cockroaches
  14 goblins
  11 hobgoblins
  3 jackals (D:2)
  20 kobolds
  A quokka (D:1)
  14 ball pythons
  6 frilled lizards (D:1)
  10 rats
1020 creatures vanquished.

Vanquished Creatures (collateral kills)
  The ghost of jejorda2 the Basher, a journeyman GnBe of Trog (D:13)
  A salamander (Snake:1)
  A smoke demon (Lair:5)
  A blink frog (Lair:5)
  3 slime creatures
  2 shadows (D:12)
  An orc priest (D:12)
  An orc (D:12)
11 creatures vanquished.

Vanquished Creatures (others)
  A goliath frog (shapeshifter) (D:13)
  An acid dragon (shapeshifter) (D:13)
  11 fungi
  62 plants
75 creatures vanquished.

Grand Total: 1106 creatures vanquished

Notes
Turn   | Place    | Note
-------+----------+-------------------------------------------
     0 | D:1      | gelatine the Demonspawn Venom Mage began the quest for the
                  | Orb.
     0 | D:1      | Reached XP level 1. HP: 13/13 MP: 3/3
    26 | D:1      | Found Wycs's Armour Boutique.
   298 | D:1      | Gained mutation: Your touch may inflict minor irresistible
                  | damage on your foes. [demonic ancestry]
   298 | D:1      | Reached XP level 2. HP: 17/19 MP: 1/5
   391 | D:1      | Reached skill level 1 in Transmutations
  1154 | D:2      | Gained mutation: You are partially covered in large bone
                  | plates. (SH +4) [demonic ancestry]
  1154 | D:2      | Reached XP level 3. HP: 7/24 MP: 6/6
  1557 | D:2      | Gained mutation: You are mostly covered in large bone
                  | plates. (SH +6) [demonic ancestry]
  1557 | D:2      | Reached XP level 4. HP: 30/30 MP: 5/8
  1612 | D:2      | Reached skill level 3 in Spellcasting
  1931 | D:2      | Gained mutation: You are partially covered in sharp spines.
                  | [demonic ancestry]
  1931 | D:2      | Reached XP level 5. HP: 35/35 MP: 5/9
  2640 | D:3      | Found a faded altar of an unknown god.
  3347 | D:4      | Learned a level 2 spell: Poisonous Vapours
  3763 | D:4      | Gained mutation: You are mostly covered in sharp spines.
                  | [demonic ancestry]
  3763 | D:4      | Reached XP level 6. HP: 41/41 MP: 2/11
  3944 | D:5      | Entered Level 5 of the Dungeon
  3951 | D:5      | Found Zudwitak's Antique Weapon Emporium.
  4047 | D:5      | Noticed an ice beast
  4055 | D:5      | Killed an ice beast
  4056 | D:5      | Reached skill level 4 in Spellcasting
  4176 | D:5      | Reached skill level 1 in Air Magic
  4176 | D:5      | Gained mutation: Your touch may inflict irresistible damage
                  | on your foes. [demonic ancestry]
  4176 | D:5      | Reached XP level 7. HP: 47/47 MP: 6/13
  4215 | D:5      | Reached skill level 5 in Poison Magic
  4260 | D:5      | Identified the +5 ring mail of Purpose {rN+ Regen+ SInv
                  | Stlth-}
  4797 | D:5      | Reached skill level 1 in Shields
  4991 | D:6      | Noticed a yak
  4991 | D:6      | Noticed a yak
  4991 | D:6      | Noticed a yak
  4991 | D:6      | Noticed a yak
  4991 | D:6      | Noticed a yak
  4997 | D:5      | Killed a yak
  5007 | D:5      | Killed a yak
  5008 | D:5      | Reached skill level 5 in Spellcasting
  5008 | D:5      | Reached XP level 8. HP: 37/53 MP: 12/15
  5149 | D:6      | Found Uqiz's Distillery.
  5187 | D:6      | Reached skill level 1 in Short Blades
  5611 | D:6      | Found a snail-covered altar of Cheibriados.
  5644 | D:6      | Reached skill level 1 in Fighting
  5650 | D:6      | Noticed Menkaure
  5661 | D:6      | Killed Menkaure
  5838 | D:6      | Noticed Duvessa
  5842 | D:6      | Noticed Dowan
  5846 | D:6      | Killed Duvessa
  5857 | D:6      | Killed Dowan
  6014 | D:6      | Reached skill level 6 in Spellcasting
  6022 | D:6      | Gained mutation: You regenerate magic rapidly. [demonic
                  | ancestry]
  6022 | D:6      | Reached XP level 9. HP: 23/59 MP: 14/18
  6516 | D:6      | Noticed Blork the orc
  6524 | D:6      | Killed Blork the orc
  6585 | D:6      | Found a runed translucent door.
  6586 | D:6      | Noticed Crazy Yiuf
  6902 | D:6      | Learned a level 4 spell: Olgreb's Toxic Radiance
  6906 | D:6      | Learned a level 3 spell: Ignite Poison
  6910 | D:6      | Learned a level 3 spell: Mephitic Cloud
  6919 | D:6      | Killed Crazy Yiuf
  7255 | D:7      | Found Hafroduq's Armour Boutique.
  7271 | D:7      | Reached skill level 7 in Spellcasting
  7331 | D:7      | Found a staircase to the Ecumenical Temple.
  7338 | Temple   | Entered the Ecumenical Temple
  7408 | Temple   | Became a worshipper of Qazlal Stormbringer
  7728 | D:8      | Reached skill level 1 in Fire Magic
  7733 | D:8      | Identified the +11 flail "Ogyimous" {vorpal, rPois Int+8}
  7776 | D:8      | Noticed Erica
  7786 | D:8      | Killed Erica
  7898 | D:8      | Reached XP level 10. HP: 65/65 MP: 14/21
  7943 | D:8      | Noticed Grum
  7946 | D:8      | Killed Grum
  7947 | D:8      | Reached skill level 8 in Spellcasting
  7997 | D:8      | Found Ebben's Antique Weapon Boutique.
  8715 | D:9      | Reached * piety under Qazlal
  8725 | D:9      | Reached skill level 1 in Maces & Flails
  8736 | D:9      | Noticed a two-headed ogre
  8739 | D:9      | Killed a two-headed ogre
  9541 | D:9      | Reached skill level 9 in Spellcasting
  9646 | D:10     | Entered Level 10 of the Dungeon
  9674 | D:10     | Noticed Urug
  9677 | D:10     | Killed Urug
  9678 | D:10     | Reached skill level 5 in Transmutations
  9678 | D:10     | Gained mutation: When hurt, damage is shared between your
                  | health and your magic reserves. [demonic ancestry]
  9678 | D:10     | Reached XP level 11. HP: 59/72 MP: 17/24
  9888 | D:10     | Noticed Amaemon
  9891 | D:10     | Killed Amaemon
 10216 | D:10     | Reached skill level 10 in Poison Magic
 10522 | D:11     | Noticed bladeefan's ghost (journeyman TrMo)
 10530 | D:11     | Found a transporter.
 10534 | D:11     | Found a transporter.
 10563 | D:11     | Reached skill level 10 in Spellcasting
 10574 | D:11     | Noticed a boulder beetle
 10578 | D:11     | Killed a boulder beetle
 10672 | D:11     | Noticed Fannar
 10673 | D:11     | Noticed a two-headed ogre
 10676 | D:11     | Killed Fannar
 10677 | D:11     | Killed a two-headed ogre
 10707 | D:11     | Reached ** piety under Qazlal
 10709 | D:11     | Found a staircase to the Lair.
 11128 | D:11     | Identified the +11 quarterstaff of Ambiguity {spect, Dex+4}
 11239 | Lair:1   | Entered Level 1 of the Lair of Beasts
 11498 | Lair:1   | Reached *** piety under Qazlal
 11499 | Lair:1   | Reached skill level 1 in Conjurations
 11504 | Lair:1   | Reached XP level 12. HP: 80/80 MP: 13/26
 11525 | Lair:1   | Found a frozen archway.
 11744 | IceCv    | Entered an ice cave
 11863 | IceCv    | Learned a level 4 spell: Sticky Flame
 11878 | IceCv    | Reached skill level 11 in Spellcasting
 12101 | IceCv    | Identified the +1 pair of gloves "Kog Siem" {Will++ Int+5
                  | Slay+2}
 12217 | IceCv    | Noticed a death yak
 12218 | IceCv    | Noticed a frost giant
 12220 | IceCv    | Noticed a death yak
 12221 | IceCv    | Killed a death yak
 12225 | IceCv    | Killed a frost giant
 12225 | IceCv    | Reached **** piety under Qazlal
 12234 | IceCv    | Killed a death yak
 12255 | IceCv    | Reached skill level 12 in Spellcasting
 12296 | IceCv    | Noticed a death yak
 12297 | IceCv    | Noticed a death yak
 12299 | IceCv    | Killed a death yak
 12299 | IceCv    | Noticed a death yak
 12301 | IceCv    | Killed a death yak
 12306 | IceCv    | Killed a death yak
 12337 | IceCv    | Noticed a death yak
 12345 | IceCv    | Killed a death yak
 13779 | Lair:2   | Reached XP level 13. HP: 73/85 MP: 19/29
 14222 | Lair:2   | Identified the +3 trident of Yredelemnul {distort, Drain
                  | +Blink rC++ rCorr}
 14761 | Lair:3   | Reached skill level 1 in Invocations
 14870 | Lair:3   | Reached skill level 1 in Evocations
 14888 | Lair:3   | Reached ***** piety under Qazlal
 14895 | Lair:3   | Found a staircase to the Snake Pit.
 14926 | Lair:3   | Noticed Gastronok
 15032 | Lair:3   | Killed Gastronok
 15118 | Lair:3   | Reached skill level 5 in Dodging
 15142 | Lair:3   | Found a gate leading to a gauntlet.
 15148 | Gauntlet | Entered a Gauntlet
 15148 | Gauntlet | Found a transporter.
 15399 | Gauntlet | Found a runed translucent door.
 15403 | Gauntlet | Found a transporter.
 15403 | Gauntlet | Found a transporter.
 15425 | Gauntlet | Found a transporter.
 15454 | Gauntlet | Found a transporter.
 15457 | Gauntlet | Found a transporter.
 15464 | Gauntlet | Found a transporter.
 15487 | Gauntlet | Found a transporter.
 15497 | Gauntlet | Found a transporter.
 15502 | Gauntlet | Found a transporter.
 15502 | Gauntlet | Found a transporter.
 15512 | Gauntlet | Found a transporter.
 15595 | Gauntlet | Found a transporter.
 15612 | Gauntlet | Found a transporter.
 15855 | Gauntlet | Identified the ring of the Tormentor {rF+ Will- Int+4
                  | Dex+6}
 15855 | Gauntlet | Noticed a minotaur
 15863 | Gauntlet | Killed a minotaur
 16082 | Lair:3   | Found a staircase to the Shoals.
 16519 | Shoals:1 | Entered Level 1 of the Shoals
 16520 | Shoals:1 | Noticed a merfolk javelineer
 16530 | Shoals:1 | Killed a merfolk javelineer
 16626 | Shoals:1 | Found a runed translucent door.
 16626 | Shoals:1 | Noticed Valamore's ghost (adept BaIE)
 16644 | Shoals:1 | Noticed a merfolk javelineer
 16648 | Shoals:1 | Noticed a merfolk javelineer
 16649 | Shoals:1 | Reached skill level 13 in Spellcasting
 16650 | Shoals:1 | Noticed a merfolk javelineer
 16653 | Shoals:1 | Killed a merfolk javelineer
 16653 | Shoals:1 | Noticed a merfolk impaler
 16654 | Shoals:1 | Reached skill level 5 in Invocations
 16654 | Shoals:1 | Reached XP level 14. HP: 22/93 MP: 3/31
 16665 | Shoals:1 | Reached skill level 5 in Maces & Flails
 16680 | Shoals:1 | Reached skill level 5 in Fire Magic
 16743 | Shoals:1 | Found a flickering gateway to a bazaar.
 16748 | Bazaar   | Entered a bazaar
 16748 | Bazaar   | Found Watemnod's General Store.
 16748 | Bazaar   | Found Dazeis's General Store.
 16968 | Bazaar   | Found Xuallum's General Store.
 16968 | Bazaar   | Found Huumpiox's General Store.
 16990 | Bazaar   | Found Plog's General Store.
 16990 | Bazaar   | Found Cooquekica's General Store.
 16997 | Bazaar   | Bought a scroll of enchant armour for 82 gold pieces
 17001 | Bazaar   | Bought a scroll of enchant armour for 127 gold pieces
 17001 | Bazaar   | Bought a potion of heal wounds for 85 gold pieces
 17012 | Bazaar   | Found Naxkeuna's General Store.
 17012 | Bazaar   | Found Aklar's General Store.
 17024 | Bazaar   | Gained mutation: You have large cloven feet. [potion of
                  | mutation]
 17025 | Bazaar   | Lost mutation: You have large cloven feet. [potion of
                  | mutation]
 17025 | Bazaar   | Gained mutation: You have large cloven feet. [potion of
                  | mutation]
 17025 | Bazaar   | Gained mutation: Your flesh is cold resistant. (rC+)
                  | [potion of mutation]
 17025 | Bazaar   | Gained mutation: Your mind is acute. (Int +4, Str/Dex -1)
                  | [potion of mutation]
 17025 | Bazaar   | Gained mutation: Your system is resistant to poisons.
                  | (rPois) [potion of mutation]
 17030 | Bazaar   | Bought a potion of magic for 104 gold pieces
 17052 | Bazaar   | Bought a scroll of identify for 34 gold pieces
 17078 | Bazaar   | Bought a potion of curing for 42 gold pieces
 17096 | Bazaar   | Bought a scroll of identify for 30 gold pieces
 17624 | Shoals:1 | You are sucked into a shaft and drop 1 floor!
 17653 | Shoals:2 | Reached skill level 5 in Air Magic
 17661 | Shoals:2 | Found a runed translucent gate.
 17665 | Shoals:2 | Noticed greenreed's ghost (journeyman MiMo)
 17667 | Shoals:2 | Found a runed translucent gate.
 17668 | Shoals:2 | Found a runed translucent gate.
 17730 | Shoals:2 | Reached ****** piety under Qazlal
 17742 | Shoals:2 | Reached skill level 5 in Evocations
 17854 | Shoals:2 | Identified the +6 mace of the Coin {vorpal, *Rage rN+
                  | Will++ SInv}
 19145 | Shoals:1 | Found the +5 robe of Misfortune {Harm *Corrode *Slow EV+5}
 19453 | Shoals:1 | Killed Valamore's ghost
 19455 | Shoals:1 | Identified the ring of Dotwicucw {Fire Str+2 Slay+3}
 19457 | Shoals:1 | Identified the +9 plate armour "Mucwui" {Str+3 Dex+4}
 19689 | Snake:1  | Entered Level 1 of the Snake Pit
 19701 | Snake:1  | Learned a level 3 spell: Frozen Ramparts
 19722 | Snake:1  | Gained mutation: You are completely covered in large bone
                  | plates. (SH +8) [demonic ancestry]
 19722 | Snake:1  | Reached XP level 15. HP: 48/100 MP: 11/32
 20037 | Snake:1  | Learned a level 5 spell: Lightning Bolt
 20720 | Snake:1  | Found a hazy altar of Hepliaklqana.
 21909 | Lair:4   | Learned a level 4 spell: Corpse Rot
 22509 | Lair:4   | Found a viscous altar of Jiyva.
 22516 | Lair:4   | Found a staircase to the Slime Pits.
 22528 | Slime:1  | Entered Level 1 of the Pits of Slime
 22532 | Slime:1  | Noticed an azure jelly
 22537 | Slime:1  | Noticed an acid blob
 22553 | Lair:4   | Reached skill level 1 in Armour
 22777 | Lair:5   | Entered Level 5 of the Lair of Beasts
 22781 | Lair:5   | Reached skill level 14 in Spellcasting
 23084 | Lair:5   | Reached skill level 5 in Shields
 23644 | Lair:5   | Found a corrupted altar of Lugonu.
 23644 | Lair:5   | Found a one-way gate to the infinite horrors of the Abyss.
 23648 | Lair:5   | Identified the +6 quarterstaff of Discomfort {spect, Int+2}
 24043 | D:11     | Killed bladeefan's ghost
 24255 | D:12     | Found a staircase to the Orcish Mines.
 24283 | D:12     | Got Seluefed's Papyrus of the Gritty Spider
 24790 | D:13     | Learned a level 6 spell: Eringya's Noxious Bog
 24815 | D:13     | Reached XP level 16. HP: 98/108 MP: 17/34
 25131 | D:13     | Found a large runed translucent door.
 25131 | D:13     | Found a large runed translucent door.
 25131 | D:13     | Noticed jejorda2's ghost (journeyman GnBe)
 25155 | D:13     | Killed jejorda2's ghost
 25160 | D:13     | Identified the +1 great mace of Anger {drain, rPois rN+
                  | Int-4}
 25358 | D:13     | Found a gate to the Vaults.
 25715 | D:13     | Noticed a storm dragon
 25753 | D:13     | Killed a storm dragon
 26143 | Orc:1    | Entered Level 1 of the Orcish Mines
 26159 | Orc:1    | Noticed Erolcha
 26162 | Orc:1    | Killed Erolcha
 26526 | Orc:2    | Entered Level 2 of the Orcish Mines
 26934 | Orc:2    | Found Siaz Koi's Antique Armour Emporium.
 26946 | Orc:2    | Found Gizexkit's Magic Scroll Shoppe.
 26957 | Orc:2    | Bought a scroll of blinking for 82 gold pieces
 26957 | Orc:2    | Bought a scroll of fear for 44 gold pieces
 26957 | Orc:2    | Bought a scroll of teleportation for 33 gold pieces
 27073 | Orc:2    | Reached skill level 5 in Fighting
 27156 | Orc:2    | Got Cogoutz's Teachings on the Inconstant Summer
 27291 | Orc:2    | Reached skill level 15 in Spellcasting
 27442 | Orc:2    | Found Kuloamy's Assorted Antiques.
 27451 | Orc:2    | Bought a potion of curing for 90 gold pieces
 27483 | Orc:2    | Found Inaqejif's Jewellery Shop.
 27629 | Orc:2    | Found a staircase to the Elven Halls.
 28038 | Elf:1    | Entered Level 1 of the Elven Halls
 28039 | Elf:1    | Paralysed by an air elemental for 1 turns
 28113 | Elf:1    | Reached skill level 15 in Poison Magic
 28139 | Elf:1    | Paralysed by an air elemental for 1 turns
 28141 | Elf:1    | Paralysed by an air elemental for 1 turns
 28610 | D:14     | Reached skill level 1 in Ice Magic
 28683 | D:14     | Identified the +7 falchion of Guumopott {freeze, rElec
                  | rC+++ Str+3}
 28825 | D:14     | Gained mutation: You are completely covered in sharp
                  | spines. [demonic ancestry]
 28825 | D:14     | Reached XP level 17. HP: 115/115 MP: 36/36
 28959 | D:14     | Found an iron altar of Okawaru.
 29105 | D:15     | Entered Level 15 of the Dungeon
 29221 | D:15     | Got Sif Muna's Treatise on Putrid Beckoning
 29899 | D:15     | Found a staircase to the Depths.
 30079 | D:15     | Upgraded the game from 0.29-a0-1027-gcd8c55af63 to
                  | 0.29-a0-1033-gb6c65ffae6
 30144 | Depths:1 | Entered Level 1 of the Depths
 30352 | Depths:1 | You are sucked into a shaft and drop 1 floor!
 30664 | Depths:1 | Found a one-way gateway to a ziggurat.
 30742 | Depths:1 | Reached skill level 1 in Necromancy
 30743 | Depths:1 | Reached skill level 5 in Conjurations
 30880 | Depths:1 | Found a portal to a secret trove of treasure.
 30931 | Depths:1 | Found a gateway to Hell.
 31112 | Depths:1 | Found a one-way gate leading to the halls of Pandemonium.
 31447 | Snake:1  | Learned a level 4 spell: Flame Wave
 31553 | Snake:2  | Reached skill level 16 in Spellcasting
 31722 | Snake:2  | Found Weimekej's Gadget Gallery.
 31730 | Snake:2  | Bought a lightning rod (4/4) for 480 gold pieces
 31992 | Snake:2  | Gained mutation: Your touch may irresistibly damage your
                  | foes and sap their willpower. [demonic ancestry]
 31992 | Snake:2  | Reached XP level 18. HP: 97/123 MP: 29/38
 32131 | Snake:3  | Noticed Vashnia
 32146 | Snake:3  | Mangled by a naga mage

Illustrated notes

Levels and vault maps discovered:
D:1:      dpeg_arrival_windows_large_door, layout_loops_ring, serial_shops,
          shop, minmay_lizard_king
D:2:      layout_basic, minmay_snake_closets
D:3:      layout_loops_ring, shapermc_ecumenical_altar_acropolis
D:4:      cheibrodos_helix_gallery, layout_layer_cave, minmay_puff
D:5:      layout_gridville, serial_shops, shop
D:6:      layout_basic, mainiacjoe_overflow_concentric_impassable, serial_shops,
          shop, uniq_blork_the_orc, uniq_duvessa, uniq_crazy_yiuf_cottage,
          uniq_menkaure
D:7:      layout_cave_pools, temple_green, serial_shops, shop_statue
D:8:      cheibrodos_elevator_heist, layout_layer_cave, serial_shops,
          nicolae_diamond_shop, uniq_erica, uniq_grum
D:9:      layout_basic
D:10:     layout_roguey, uniq_amaemon, uniq_urug
D:11:     layout_roguey [special_room_orc], lair_entry_dummy,
          gammafunk_ghost_hive, serial_park_tiny_1, uniq_fannar
D:12:     layout_loops_ring, erik_orc_4
D:13:     layout_grid_maze, grunt_vaults_entry_fortified,
          ebering_ghost_disaster_area, minmay_evil_grid
D:14:     layout_irregular_city, minmay_misc_feat_iff, okawaru_altar_gauntlet_db
D:15:     grunt_enter_depths_hoard, layout_basic, nicolae_cairo_tiling_large,
          minmay_radiant
Temple:   grunt_wide_crystal_templ
Lair:1:   layout_regular_city, portal_ice_cave_demonic_guard,
          chequers_serial_rivers_small_3, lemuel_fruit_tree
Lair:2:   layout_cave_pods, lemuel_fruit_fields, infiniplex_staircase_pool
Lair:3:   layout_regular_city, elwin_shoals_entry_rocks,
          guppyfry_snake_entry_island, gauntlet_entry_generic,
          grunt_forest_large_clearings, uniq_gastronok
Lair:4:   layout_regular_city, dpeg_slime_entry_corner, dpeg_oklob_1
Lair:5:   hellmonk_lair_end_abyssal_woods, layout_misc_corridors
Shoals:1: layout_shoals, gammafunk_ghost_grave, serial_shops, bzr_entry_road,
          nicolae_shoals_pincushion_passage
Shoals:2: layout_shoals, gammafunk_ghost_split
Snake:1:  layout_layer_cave, basic_altar
Snake:2:  layout_misc_corridors, nicolae_shop_gadgets, nicolae_triple_integral
Snake:3:  layout_basic, grunt_megastairs_5, uniq_vashnia
Slime:1:  layout_caves, nicolae_slime_phagocytosis
Orc:1:    layout_caves, basic_altar, nicolae_orc_crystal_geode, uniq_erolcha
Orc:2:    pubby_orc_utopia
Elf:1:    minmay_elf_arrival_summoners, layout_gridlike, minmay_elf_necromancy,
          uniq_roxanne, uniq_aizul
Depths:1: layout_big_octagon, enter_ziggurat_c, grunt_mini_vestibule,
          enter_trove_5, rand_demon_pan_entry_7, nicolae_elyvilon_temple_path,
          serial_bayou_pond_d, grunt_ministairs_4, serial_bayou_pond_e,
          vehumet_crystals
Depths:2: minmay_spriggan_fort, layout_cave_pools, grunt_pan_entry_sceptre,
          hell_entry, kennysheep_random_hallway,
          infiniplex_staircase_spiral_double

Skill      XL: |  1  2  3  4  5  6  7  8  9 10 11 12 13 14 15 16 17 |
---------------+----------------------------------------------------+-----
Stealth        | 2 3 4 |  4.1
Transmutations | 1 2 3 4 5 6 7 8 |  8.9
Spellcasting   | 3 4 5 6 7 9 10 12 13 14 15 16 | 16.1
Poison Magic   | 4 5 6 8 9 10 12 13 14 15 | 15.9
Dodging        | 2 3 4 5 6 |  6.9
Air Magic      | 1 2 3 4 5 6 |  6.9
Shields        | 1 2 3 4 5 6 |  6.7
Short Blades   | 1 |  1.6
Fighting       | 1 2 3 4 5 |  5.8
Fire Magic     | 1 2 3 4 5 6 7 |  7.2
Maces & Flails | 1 2 3 4 5 6 7 8 |  8.7
Conjurations   | 1 2 4 5 |  5.4
Invocations    | 5 8 9 |  9.8
Evocations     | 3 6 7 |  7.1
Armour         | 2 3 |  3.3
Ice Magic      | 1 |  1.0
Necromancy     | 1 |  1.4

Action                   |  1- 3 |  4- 6 |  7- 9 | 10-12 | 13-15 | 16-18 || total
-------------------------+-------+-------+-------+-------+-------+-------++-------
Melee: Dagger            |    15 |    24 |    78 |       |       |       ||   117
       Touch             |     3 |     7 |    15 |    11 |    67 |    77 ||   180
       Flail             |       |       |     2 |    64 |   362 |   349 ||   777
       Punch             |       |       |       |     1 |     3 |     5 ||     9
 Cast: Sting             |    65 |   104 |    48 |    35 |    17 |     8 ||   277
       Poisonous Vapours |       |    14 |    57 |    23 |    28 |    51 ||   173
       Ignite Poison     |       |       |    16 |   100 |   115 |   119 ||   350
       Olgreb's Toxic Ra |       |       |     8 |    69 |    80 |    66 ||   223
       Mephitic Cloud    |       |       |     7 |     9 |     8 |       ||    24
       Sticky Flame      |       |       |       |     5 |    17 |     3 ||    25
       Frozen Ramparts   |       |       |       |       |     8 |     4 ||    12
       Lightning Bolt    |       |       |       |       |    83 |    62 ||   145
       Corpse Rot        |       |       |       |       |    11 |    12 ||    23
       Eringya's Noxious |       |       |       |       |     1 |     2 ||     3
       Flame Wave        |       |       |       |       |       |    16 ||    16
Invok: Elemental Force   |       |       |       |       |     5 |     2 ||     7
       Upheaval          |       |       |       |       |     2 |     1 ||     3
       Disaster Area     |       |       |       |       |     1 |     3 ||     4
Evoke: Wand              |       |       |       |    11 |     7 |     2 ||    20
       Tin of tremorston |       |       |       |       |     2 |     4 ||     6
       Phantom mirror    |       |       |       |       |     2 |     1 ||     3
  Use: Scroll            |       |     6 |     9 |    11 |    15 |     5 ||    46
       Potion            |       |       |     4 |     5 |    10 |     1 ||    20
 Stab: Paralysed         |       |       |       |       |       |     1 ||     1
Armor: Robe              |     6 |    12 |     6 |    30 |    66 |       ||   120
       Troll leather arm |       |       |       |       |    47 |   116 ||   163
Dodge: Dodged            |    20 |    34 |    42 |    85 |   211 |   170 ||   562
       Repelled          |       |       |       |     1 |     7 |    14 ||    22
Block: Other             |     2 |    21 |    26 |    63 |   354 |   319 ||   785

Table legend: (Time is in decaauts)
 A = Elapsed time spent in this place.
 B = Non-inter-level travel time spent in this place.
 C = Inter-level travel time spent in this place.
 D = Time resting spent in this place.
 E = Time spent auto-exploring this place.
 F = Levels seen in this place.
 G = Mean time per level.
                   A        B        C        D        E       F      G
               +--------+--------+--------+--------+--------+-----+--------+
         Total |  32255 |  30287 |   1968 |   3503 |  19763 |  35 |  921.6 |
       Dungeon |  15573 |  14602 |    971 |    666 |  11254 |  15 | 1038.2 |
        Temple |     79 |     66 |     13 |      0 |     37 |   1 |   79.0 |
          Lair |   5294 |   4786 |    508 |    356 |   3466 |   5 | 1058.8 |
        Shoals |   2789 |   2668 |    121 |    625 |   1500 |   2 | 1394.5 |
     Snake Pit |   2774 |   2677 |     97 |    671 |   1524 |   3 |  924.7 |
    Slime Pits |     13 |     13 |      0 |      0 |      0 |   1 |   13.0 |
  Orcish Mines |   1972 |   1771 |    201 |      0 |   1338 |   2 |  986.0 |
   Elven Halls |    221 |    221 |      0 |     42 |     47 |   1 |  221.0 |
        Depths |    840 |    785 |     55 |    126 |    275 |   2 |  420.0 |
        Bazaar |    358 |    358 |      0 |    192 |     66 |   1 |  358.0 |
      Ice Cave |   1576 |   1576 |      0 |    498 |    256 |   1 | 1576.0 |
      Gauntlet |    761 |    761 |      0 |    327 |      0 |   1 |  761.0 |
               +--------+--------+--------+--------+--------+-----+--------+

Top non-repeatable levels by time:
 Snake:1: 2116 daAuts
     D:6: 1985 daAuts
   Orc:2: 1581 daAuts
   IceCv: 1576 daAuts
     D:2: 1454 daAuts
Shoals:2: 1431 daAuts
Shoals:1: 1358 daAuts
    D:13: 1347 daAuts
    D:15: 1299 daAuts
     D:5: 1194 daAuts
  Lair:3: 1134 daAuts
     D:1: 1093 daAuts
  Lair:5: 1091 daAuts
  Lair:1: 1042 daAuts
    D:11: 1041 daAuts
